[Event "Titled Tuesday Blitz June 27 Late 2023"]
[White "BrandonJiang123456"]
[Black "Kielinkei"]
[WhiteElo "2198"]
[BlackElo "2469"]
[Result "1/2-1/2"]
[Round "2"]
[TimeControl "180+2"]
[Date "2023.06.27"]
[WhiteClock "0:00:10"]
[BlackClock "0:00:19"]
[Board "169"]

1. e4 c5 2. Nf3 Nc6 3. Bb5 g6 4. O-O Bg7 5. c3 e5 6. d4 cxd4 7. cxd4 Nxd4 8. Nxd4 exd4 9. e5 Ne7 10. Qxd4 O-O 11. Nc3 Nc6 12. Bxc6 dxc6 13. Qc5 Qb6 14. Qxb6 axb6 15. Re1 Be6 16. f4 Rfd8 17. Be3 b5 18. a3 Bf5 19. h3 h5 20. Kf2 Bf8 21. Kf3 b4 22. axb4 Bxb4 23. g4 hxg4+ 24. hxg4 Bd3 25. Rxa8 Rxa8 26. Rd1 Bc4 27. f5 gxf5 28. gxf5 Kf8 29. Kf4 Ke7 30. Ne4 Bd5 31. Nf6 Ra2 32. Nxd5+ cxd5 33. Rxd5 Rxb2 34. Rb5 Bc3 35. Bc5+ Kd7 36. Rxb2 Bxb2 37. Ke4 Kc6 38. Bf2 b5 39. Kd3 Bxe5 40. Ke4 Bc3 41. Kd3 Bf6 42. Bg3 Kd5 43. Kc2 Kc4 44. Bc7 b4 45. Bf4 b3+ 46. Kb1 Kd3 47. Bc7 Ke4 48. Kc1 Kxf5 49. Kd2 Ke4 50. Bb6 Bd4 51. Bc7 f5 52. Bb8 f4 53. Bc7 f3 54. Bg3 f2 55. Bxf2 Be5 56. Kc1 Kd3 57. Kb1 Kc3 58. Bh4 Kc4 59. Bd8 Bd6 60. Bh4 Bb4 61. Bg5 Bc3 62. Bc1 Bd4 63. Ba3 Bf2 64. Bc1 Bb6 65. Bg5 Bc7 66. Bc1 Be5 67. Ba3 Kd3 68. Bf8 Bc3 69. Bh6 Ke2 70. Bf8 Bd4 71. Bh6 Bc5 72. Bc1 Bd4 73. Bh6 Ba7 74. Bg7 Bb8 75. Bh6 Be5 76. Bf8 Kd3 77. Bh6 Kc3 78. Bf8 Bd4 79. Ba3 Kc4 80. Bc1 Bc5 81. Bg5 Bb4 82. Bc1 Ba5 83. Bg5 Kc3 84. Bc1 Bb4 85. Bb2+ Kd3 86. Bh8 Ba3 87. Bg7 Kc4 88. Bh6 Kb4 89. Bf8+ Ka4 90. Bxa3 Kxa3 91. Ka1 Ka4 92. Kb1 Kb4 93. Kb2 Kc4 94. Kb1 Kc3 95. Kc1 Kd3 96. Kb2 Kc4 97. Kb1 Kc5 98. Kb2 Kb4 99. Kb1 Ka4 100. Kb2 Kb4 101. Kb1 Ka5 102. Kb2 Ka4 103. Kb1 Ka3 104. Ka1 Kb4 105. Kb2 Kc4 1/2-1/2


[Site "https://www.chess.com"]

[Event "Titled Tuesday Blitz June 27 Late 2023"]
[White "Cooper, Aaron"]
[Black "Haitin, Ilja"]
[WhiteFideId "2634945"]
[BlackFideId "4501764"]
[WhiteElo "2175"]
[BlackElo "2467"]
[Result "0-1"]
[Round "2"]
[TimeControl "180+2"]
[Date "2023.06.27"]
[WhiteClock "0:00:13"]
[BlackClock "0:00:45"]
[Board "170"]

1. e4 c5 2. Nf3 d6 3. d4 cxd4 4. Nxd4 Nf6 5. Nc3 a6 6. g3 e5 7. Nde2 Be6 8. Bg2 Be7 9. O-O O-O 10. a4 Nbd7 11. h3 Nc5 12. a5 Rc8 13. Be3 Qc7 14. Kh2 Rfd8 15. Nd5 Bxd5 16. exd5 Ncd7 17. Nc3 Rf8 18. f4 Qc4 19. Ra4 Qc7 20. fxe5 Nxe5 21. Bb6 Qd7 22. Qd4 Rfe8 23. Rb4 Bf8 24. Rf2 Be7 25. Ne4 Nxe4 26. Bxe4 Bd8 27. Bf5 Bxb6 28. Rxb6 Qe7 29. Bxc8 Rxc8 30. c3 Re8 31. Kg2 h5 32. Rd2 Qf6 33. Qf4 Qg6 34. Rxb7 Nd3 35. Qf3 Ne1+ 36. Kf2 Nxf3 37. Kxf3 Qf5+ 38. Kg2 Qe4+ 39. Kh2 Qe1 40. Rg2 Re2 41. Rb6 Rxg2+ 42. Kxg2 Qd2+ 43. Kf3 Qxd5+ 44. Kf4 Qe5+ 45. Kf3 Qf5+ 46. Ke3 Qxa5 47. Rxd6 Qe5+ 0-1


[Site "https://www.chess.com"]

[Event "Titled Tuesday Blitz June 27 Late 2023"]
[White "Waldo Zalapa, Alejandro"]
[Black "Tomaszewski, Kacper"]
[WhiteFideId "5106109"]
[BlackFideId "1127373"]
[WhiteElo "2171"]
[BlackElo "2461"]
[Result "0-1"]
[Round "2"]
[TimeControl "180+2"]
[Date "2023.06.27"]
[WhiteClock "0:00:14"]
[BlackClock "0:00:16"]
[Board "171"]

1. e4 Nc6 2. Nf3 e5 3. d4 exd4 4. Bc4 Bc5 5. c3 Nf6 6. O-O dxc3 7. Nxc3 O-O 8. Bg5 Be7 9. Qd2 Ne8 10. Bf4 d6 11. Rad1 Be6 12. Nd5 Nf6 13. Nxe7+ Nxe7 14. Bxe6 fxe6 15. Bg5 Nxe4 16. Qe3 Nxg5 17. Nxg5 Qd7 18. Nxe6 Rf6 19. Nc5 Qg4 20. Qxe7 dxc5 21. Rd8+ Rxd8 22. Qxd8+ Rf8 23. Qxc7 Qb4 24. b3 a5 25. Qd7 b6 26. Rd1 h6 27. Qe6+ Kh8 28. Qe7 Qf4 29. Qe2 Qf6 30. f3 Rd8 31. Rxd8+ Qxd8 32. Kf2 Qd4+ 33. Kg3 Kh7 34. h4 Qd6+ 35. Kh3 Qd7+ 36. g4 b5 37. h5 Qc6 38. Kg3 c4 39. Qc2+ Kh8 40. bxc4 bxc4 41. Qf5 Qd6+ 42. Kh3 Qd3 43. Qxa5 c3 44. Qa8+ Kh7 45. Qc8 c2 46. Kg3 Qd2 47. Qf5+ Kg8 48. Qe6+ Kf8 49. Qf5+ Ke7 50. Qe5+ Kd7 51. Qxg7+ Kc6 52. Qf6+ Qd6+ 0-1


[Site "https://www.chess.com"]

[Event "Titled Tuesday Blitz June 27 Late 2023"]
[White "ilya2700"]
[Black "Fishchuk, Vladyslav"]
[BlackFideId "34122117"]
[WhiteElo "2169"]
[BlackElo "2459"]
[Result "1-0"]
[Round "2"]
[TimeControl "180+2"]
[Date "2023.06.27"]
[WhiteClock "0:01:43"]
[BlackClock "0:02:27"]
[Board "172"]

1. e4 e5 2. Nf3 Nc6 3. Bc4 Nf6 4. d3 Bc5 5. Nc3 a6 6. Be3 Bxe3 7. fxe3 d6 8. Qd2 Na5 9. Bb3 Nxb3 10. axb3 Bg4 11. Rf1 Qd7 12. h3 Bh5 13. g4 Bg6 14. O-O-O O-O-O 15. g5 Ng8 16. d4 Qxh3 17. dxe5 dxe5 18. Qxd8# 1-0


[Site "https://www.chess.com"]

[Event "Titled Tuesday Blitz June 27 Late 2023"]
[White "Dobre, Claudiu-Cristian"]
[Black "Hartikainen, Jarmo"]
[WhiteFideId "1211854"]
[BlackFideId "503134"]
[WhiteElo "2459"]
[BlackElo "2162"]
[Result "1-0"]
[Round "2"]
[TimeControl "180+2"]
[Date "2023.06.27"]
[WhiteClock "0:02:15"]
[BlackClock "0:00:17"]
[Board "173"]

1. e4 c5 2. b3 Nc6 3. Bb2 e5 4. Bc4 d6 5. d3 Be6 6. Nc3 Nf6 7. Nge2 Be7 8. O-O O-O 9. h3 a6 10. f4 b5 11. Bd5 b4 12. Bxc6 bxc3 13. Bxc3 Rc8 14. Bb7 Rb8 15. Bxa6 exf4 16. Nxf4 c4 17. Bxc4 Bxc4 18. bxc4 Qc7 19. Kh1 1-0


[Site "https://www.chess.com"]

[Event "Titled Tuesday Blitz June 27 Late 2023"]
[White "campochess"]
[Black "Titichoca Daza, Daniel"]
[BlackFideId "3309550"]
[WhiteElo "2159"]
[BlackElo "2458"]
[Result "0-1"]
[Round "2"]
[TimeControl "180+2"]
[Date "2023.06.27"]
[WhiteClock "0:00:17"]
[BlackClock "0:00:20"]
[Board "174"]

1. d4 d5 2. Bg5 c5 3. dxc5 Nf6 4. Nf3 e6 5. g3 Bxc5 6. Bxf6 Qxf6 7. c3 Nc6 8. Bg2 O-O 9. O-O b6 10. Nbd2 Ba6 11. Qa4 Bb7 12. e4 d4 13. e5 Qd8 14. Ne4 dxc3 15. Nxc5 bxc5 16. bxc3 Ne7 17. Rfd1 Qc8 18. Rab1 Bd5 19. Ng5 h6 20. Ne4 c4 21. Nd6 Qc5 22. Rb5 Qc6 23. Bxd5 Nxd5 24. Qa5 Nb6 25. Rc5 Qf3 26. Rd4 f6 27. Nxc4 Nd5 28. Rdxd5 exd5 29. Ne3 fxe5 30. Rxd5 Qxf2+ 31. Kh1 Qxe3 32. Rxe5 Qf3+ 33. Kg1 Qf1# 0-1


[Site "https://www.chess.com"]

[Event "Titled Tuesday Blitz June 27 Late 2023"]
[White "Manukian, Artak"]
[Black "zano2023"]
[WhiteFideId "13301373"]
[WhiteElo "2454"]
[BlackElo "2149"]
[Result "1-0"]
[Round "2"]
[TimeControl "180+2"]
[Date "2023.06.27"]
[WhiteClock "0:01:05"]
[BlackClock "0:01:28"]
[Board "175"]

1. e4 e5 2. Nf3 d6 3. Bc4 Be7 4. d4 exd4 5. Nxd4 Nf6 6. Nc3 c6 7. f3 O-O 8. Nb3 b5 9. Be2 a5 10. a4 b4 11. Na2 Be6 12. Be3 c5 13. c4 Nc6 14. O-O Ne5 15. Nd2 h6 16. Nc1 Ng6 17. Nd3 Qc8 18. b3 Nd7 19. f4 f5 20. Bf3 Rb8 21. exf5 Bxf5 22. Ne4 Nf6 23. Nxf6+ Bxf6 24. Ra2 Re8 25. Bc1 Kh7 26. g4 Bd4+ 27. Kh1 Bxd3 28. Qxd3 Rf8 29. Be4 Qe8 30. h4 Qe7 31. Bxg6+ Kh8 32. g5 Qe6 33. Re2 Qg4 34. Qf3 Qxh4+ 35. Rh2 Qxh2+ 36. Kxh2 1-0


[Site "https://www.chess.com"]

[Event "Titled Tuesday Blitz June 27 Late 2023"]
[White "Mickiewicz, Piotr"]
[Black "Brown, Raehanna"]
[WhiteFideId "1114891"]
[BlackFideId "7402740"]
[WhiteElo "2451"]
[BlackElo "2147"]
[Result "1-0"]
[Round "2"]
[TimeControl "180+2"]
[Date "2023.06.27"]
[WhiteClock "0:01:58"]
[BlackClock "0:00:10"]
[Board "176"]

1. Nf3 Nf6 2. g3 g6 3. Bg2 Bg7 4. O-O O-O 5. c4 c5 6. d4 cxd4 7. Nxd4 Nc6 8. Nc3 a6 9. b3 Qc7 10. Bb2 Rd8 11. Rc1 Qb8 12. Nd5 Nxd5 13. cxd5 Nxd4 14. Bxd4 Bxd4 15. Qxd4 Qd6 16. e4 e5 17. Qc5 Qxc5 18. Rxc5 d6 19. Rc7 b5 20. Rfc1 Bd7 21. f4 f6 22. Kf2 Rac8 23. Ke3 g5 24. fxg5 fxg5 25. Rxd7 Rxc1 26. Rxd8+ Kg7 27. Rxd6 Rc2 28. Bf3 Rxa2 29. h4 gxh4 30. gxh4 Ra3 31. h5 Rxb3+ 32. Kf2 Rb2+ 33. Kg3 a5 34. h6+ Kf7 35. Bh5+ Ke7 36. Re6+ Kd7 37. Rxe5 a4 38. Be8+ Kd8 39. d6 a3 40. Bc6 Rb3+ 41. Kg4 Rc3 42. Re8# 1-0


[Site "https://www.chess.com"]

[Event "Titled Tuesday Blitz June 27 Late 2023"]
[White "Andrejic, Vladica"]
[Black "Herman, Daniel"]
[WhiteFideId "928178"]
[BlackFideId "30935008"]
[WhiteElo "2136"]
[BlackElo "2446"]
[Result "0-1"]
[Round "2"]
[TimeControl "180+2"]
[Date "2023.06.27"]
[WhiteClock "0:00:59"]
[BlackClock "0:00:27"]
[Board "177"]

1. d4 g6 2. e4 Bg7 3. c4 d6 4. f4 c5 5. d5 e6 6. Nf3 exd5 7. cxd5 Nf6 8. Nc3 O-O 9. Be2 Re8 10. e5 dxe5 11. fxe5 Ng4 12. e6 fxe6 13. d6 Nc6 14. O-O Nd4 15. Ne4 h6 16. h3 Ne5 17. Nxe5 Bxe5 18. Bxh6 Qh4 19. Nxc5 Qxh6 20. d7 Qe3+ 21. Rf2 Bxd7 22. Nxd7 Bg3 23. Nf6+ Kh8 24. Nxe8 Qxf2+ 25. Kh1 Nxe2 26. Qd7 Be5 27. Nd6 Rf8 28. Ne4 Qf1+ 29. Rxf1 Rxf1# 0-1


[Site "https://www.chess.com"]

[Event "Titled Tuesday Blitz June 27 Late 2023"]
[White "Cardenas Carbajal, Nilson"]
[Black "Camacho Collados, Marcos"]
[WhiteFideId "8401128"]
[BlackFideId "2266237"]
[WhiteElo "2123"]
[BlackElo "2445"]
[Result "0-1"]
[Round "2"]
[TimeControl "180+2"]
[Date "2023.06.27"]
[WhiteClock "0:00:19"]
[BlackClock "0:01:05"]
[Board "178"]

1. e4 e5 2. Nf3 d6 3. Bc4 Be7 4. d3 Nf6 5. O-O O-O 6. c3 c6 7. Nbd2 d5 8. Bb3 Nbd7 9. Re1 dxe4 10. dxe4 Nc5 11. Bc2 Bg4 12. Qe2 Re8 13. Nf1 a5 14. h3 Bh5 15. Ng3 Bg6 16. a3 Nh5 17. Be3 Nxg3 18. fxg3 Nxe4 19. Rad1 Qc7 20. Kh2 Nxg3 21. Kxg3 e4+ 22. Bf4 exf3 23. Qxf3 Qb6 24. Bxg6 hxg6 25. b4 axb4 26. axb4 Ra2 27. Rd7 Rf2 28. Qe3 Bh4+ 29. Kxh4 Rxe3 30. Bxe3 Rf4+ 31. Bxf4 Qf2+ 32. Bg3 Qf6+ 33. Kg4 Qf5+ 34. Kh4 Qh5# 0-1


[Site "https://www.chess.com"]

[Event "Titled Tuesday Blitz June 27 Late 2023"]
[White "Mazurkiewicz, Michal"]
[Black "Petersson, Kjell"]
[WhiteFideId "1124943"]
[BlackFideId "1705148"]
[WhiteElo "2445"]
[BlackElo "2120"]
[Result "1-0"]
[Round "2"]
[TimeControl "180+2"]
[Date "2023.06.27"]
[WhiteClock "0:01:20"]
[BlackClock "0:00:31"]
[Board "179"]

1. e4 c5 2. Nf3 d6 3. g3 Nf6 4. d3 g6 5. Bg2 Bg7 6. O-O Nc6 7. Re1 Rb8 8. a4 O-O 9. e5 dxe5 10. Nxe5 Nxe5 11. Rxe5 b6 12. Bf4 Nh5 13. Rxh5 gxh5 14. Bxb8 Bg4 15. f3 Qd4+ 16. Kh1 Rxb8 17. c3 Qf2 18. fxg4 Qxb2 19. Ra3 b5 20. Rb3 Qa1 21. Rxb5 Rxb5 22. axb5 hxg4 23. Bd5 Bxc3 24. Nxc3 Qxc3 25. Qxg4+ Kf8 26. Qf5 Qc1+ 27. Kg2 Qd2+ 28. Kh3 Qh6+ 29. Kg2 Qd2+ 30. Qf2 Qxf2+ 31. Kxf2 e6 32. Be4 1-0


[Site "https://www.chess.com"]

[Event "Titled Tuesday Blitz June 27 Late 2023"]
[White "Ricaurte Lopez, Juan Carlos"]
[Black "Sukandar, Irine Kharisma"]
[WhiteFideId "3600327"]
[BlackFideId "7101937"]
[WhiteElo "2107"]
[BlackElo "2445"]
[Result "1-0"]
[Round "2"]
[TimeControl "180+2"]
[Date "2023.06.27"]
[WhiteClock "0:00:03"]
[BlackClock "0:00:00"]
[Board "180"]

1. e4 c5 2. d4 cxd4 3. c3 dxc3 4. Nxc3 Nc6 5. Bc4 e6 6. Nf3 Bb4 7. O-O Nge7 8. Bg5 h6 9. Bh4 O-O 10. a3 Bxc3 11. bxc3 d5 12. exd5 exd5 13. Bd3 Qa5 14. Qb3 Bg4 15. Nd4 Nxd4 16. cxd4 Nc6 17. Qxb7 Nxd4 18. f3 Rab8 19. Qa6 Qc5 20. Bf2 Be6 21. Rfd1 Rb2 22. Bh7+ Kxh7 23. Bxd4 Qb5 24. Qxb5 Rxb5 25. Bxa7 Ra8 26. Bd4 Ra4 27. Be5 Rb3 28. Bd6 d4 29. Bb4 d3 30. Rac1 h5 31. Kf2 Ra6 32. Ke3 Bf5 33. h3 Re6+ 34. Kf4 Bg6 35. Rd2 Re2 36. Rcd1 Rb2 37. g4 hxg4 38. hxg4 f6 39. Rxb2 Rxb2 40. Rd2 Rb1 41. Ke3 Kg8 42. f4 f5 43. g5 Re1+ 44. Kxd3 Re4 45. Rf2 Bf7 46. Kc3 Rc4+ 47. Kb2 Bd5 48. Rd2 1-0


[Site "https://www.chess.com"]

[Event "Titled Tuesday Blitz June 27 Late 2023"]
[White "Karas, Marek"]
[Black "Gyulamiryan-koryun"]
[WhiteFideId "14928558"]
[WhiteElo "2444"]
[BlackElo "2102"]
[Result "1-0"]
[Round "2"]
[TimeControl "180+2"]
[Date "2023.06.27"]
[WhiteClock "0:01:38"]
[BlackClock "0:00:00"]
[Board "181"]

1. h4 d5 2. d4 g6 3. Nc3 Bg7 4. h5 c6 5. hxg6 hxg6 6. Rxh8 Bxh8 7. Nf3 Nd7 8. e4 Ndf6 9. Bd3 Bg4 10. Be3 Nxe4 11. Nxe4 dxe4 12. Bxe4 Bxd4 13. Qxd4 Qxd4 14. Nxd4 O-O-O 15. f3 Nf6 16. Bd3 Nd5 17. Bd2 Bd7 18. O-O-O e5 19. Nb3 f5 20. Rh1 b6 21. Rh6 Rg8 22. Bg5 c5 23. Bc4 Be6 24. Bxd5 Bxd5 25. Nd2 e4 26. fxe4 fxe4 27. b3 e3 28. Bxe3 Bxg2 29. Rh7 Bb7 30. Bf4 g5 31. Bg3 Bd5 32. Rc7+ Kd8 33. Rxa7 Rg6 34. Bc7+ Kc8 35. Bxb6 Rxb6 36. Rg7 c4 37. Rxg5 cxb3 38. Rxd5 bxa2 39. Ra5 1-0


[Site "https://www.chess.com"]

[Event "Titled Tuesday Blitz June 27 Late 2023"]
[White "Ishowmoves57"]
[Black "Labussiere, Yago"]
[BlackFideId "2186969"]
[WhiteElo "2099"]
[BlackElo "2442"]
[Result "0-1"]
[Round "2"]
[TimeControl "180+2"]
[Date "2023.06.27"]
[WhiteClock "0:00:00"]
[BlackClock "0:00:27"]
[Board "182"]

1. e4 c5 2. Nf3 Nc6 3. d4 cxd4 4. Nxd4 Nf6 5. Nc3 d6 6. Be2 e5 7. Nb3 Be7 8. Be3 O-O 9. O-O a5 10. a4 Be6 11. f3 Nb4 12. Qd2 d5 13. Nxd5 Nfxd5 14. exd5 Nxd5 15. Bf2 Nf4 16. Qe3 Qc7 17. Rfe1 Qxc2 18. Nd4 exd4 19. Qxf4 d3 20. Rac1 Qxb2 21. Bxd3 Qf6 22. Qe4 Qg6 23. Qxg6 hxg6 24. Bxg6 Rfc8 25. Be4 Bb4 26. Rxc8+ Rxc8 27. Ra1 Rc7 28. Rd1 Rd7 29. Rxd7 Bxd7 30. Bxb7 Bxa4 31. Bd4 Bb3 32. Kf2 a4 33. Ke3 a3 34. Kd3 Kh7 35. Be4+ g6 36. Bc3 Bd6 37. g3 Kh6 38. f4 f5 39. Bf3 a2 40. Kd2 Ba3 41. Bd1 Bd5 42. Kc2 Bc5 43. Kb2 Bg1 44. h3 Bh2 45. Be1 Bg2 46. h4 Bd5 47. Bf2 Kg7 48. Bd4+ Kh6 49. Bf2 Kh7 50. Be1 Bg1 51. Bc2 Bd4+ 52. Bc3 Bf2 53. Bb3 a1=Q+ 54. Kxa1 Bxb3 55. Kb2 Bd5 56. Be5 Bxg3 57. Kc3 Bxh4 58. Kd4 Be4 59. Kc5 Bg3 60. Kd6 Kh6 61. Ke7 Kh5 62. Kf6 Bh4+ 63. Kg7 Bd5 64. Kh7 g5 65. fxg5 Kxg5 66. Kg7 Kg4 67. Kh6 Be4 68. Kg6 Bg3 0-1


[Site "https://www.chess.com"]

[Event "Titled Tuesday Blitz June 27 Late 2023"]
[White "Herrera, Juan Sebastian"]
[Black "Sanchez, Robert"]
[WhiteFideId "4403266"]
[BlackFideId "2034360"]
[WhiteElo "2440"]
[BlackElo "2094"]
[Result "0-1"]
[Round "2"]
[TimeControl "180+2"]
[Date "2023.06.27"]
[WhiteClock "0:00:05"]
[BlackClock "0:00:13"]
[Board "183"]

1. Nf3 Nf6 2. g3 d5 3. Bg2 Nc6 4. O-O e5 5. d3 Be6 6. Nbd2 Qd7 7. Re1 O-O-O 8. e4 d4 9. a4 h5 10. Ng5 h4 11. Nxe6 fxe6 12. Nc4 Kb8 13. Bg5 hxg3 14. hxg3 Qf7 15. Rb1 Qg6 16. Bd2 Bd6 17. b4 Rdf8 18. b5 Ne7 19. Nxd6 cxd6 20. Bb4 Nc8 21. Bf3 Qh6 22. Qd2 Qh2+ 23. Kf1 Nh5 24. Bxh5 Rxh5 25. Ke2 Rxf2+ 26. Kd1 Rxd2+ 27. Bxd2 Qxg3 28. Kc1 Rh2 29. Rd1 Qf2 30. Kb2 g5 31. Rbc1 g4 32. Be1 Qg2 33. Bb4 Kc7 34. Rf1 Rh7 35. Rg1 Qh3 36. Rcf1 g3 37. Rf3 Rg7 38. Be1 Nb6 39. a5 Na4+ 40. Ka3 Nc3 41. Rfxg3 Rxg3 42. Rxg3 Qf1 43. Rg7+ Kc8 44. Rg8+ Kd7 45. Rg7+ Ke8 46. Bxc3 dxc3 47. Rxb7 Qb1 48. a6 Qb2+ 49. Ka4 Qxc2+ 50. Kb4 Qb2+ 51. Kc4 c2 52. Rb8+ Ke7 53. Rb7+ Kf6 54. Rf7+ Kxf7 55. d4 c1=Q+ 56. Kd3 Qxd4+ 57. Ke2 Qc2+ 58. Kf3 Qcc3+ 59. Ke2 Qdd2+ 60. Kf1 Qcc1# 0-1


[Site "https://www.chess.com"]

[Event "Titled Tuesday Blitz June 27 Late 2023"]
[White "Sloan, Julia Elizabeth"]
[Black "szachmistrz2500"]
[WhiteFideId "2018950"]
[WhiteElo "2093"]
[BlackElo "2437"]
[Result "0-1"]
[Round "2"]
[TimeControl "180+2"]
[Date "2023.06.27"]
[WhiteClock "0:02:43"]
[BlackClock "0:02:36"]
[Board "184"]

1. d4 c5 2. d5 e5 3. e4 d6 4. Bd3 g6 5. g4 h5 6. f3 Qh4+ 7. Kd2 hxg4 8. fxg4 Bxg4 9. Nf3 Qf2+ 10. Qe2 Qxf3 0-1


[Site "https://www.chess.com"]

[Event "Titled Tuesday Blitz June 27 Late 2023"]
[White "SergioMoralesG"]
[Black "Winkels, Marcel"]
[BlackFideId "1003887"]
[WhiteElo "2436"]
[BlackElo "2092"]
[Result "1-0"]
[Round "2"]
[TimeControl "180+2"]
[Date "2023.06.27"]
[WhiteClock "0:00:43"]
[BlackClock "0:00:00"]
[Board "185"]

1. e4 Nf6 2. e5 Nd5 3. d4 d6 4. Nf3 dxe5 5. Nxe5 g6 6. Bc4 Be6 7. O-O Bg7 8. Re1 O-O 9. c3 Nd7 10. Nxd7 Qxd7 11. Nd2 c6 12. Bf1 Bf5 13. Ne4 Nf6 14. Nc5 Qc7 15. h3 h5 16. Bg5 Rfe8 17. Qd2 Rad8 18. Bf4 Qc8 19. Be5 b6 20. Ba6 Qa8 21. Bb7 bxc5 22. Bxa8 Rxa8 23. dxc5 Rad8 24. Qf4 Nd5 25. Qa4 f6 26. Bg3 Bd7 27. Qxa7 e5 28. Qa4 f5 29. Qc4 Bf6 30. a4 f4 31. Bh2 g5 32. a5 Kg7 33. a6 Be6 34. Qa4 Bd7 35. a7 Ra8 36. Red1 e4 37. Rxd5 cxd5 38. Qxd7+ Re7 39. Qxd5 Rexa7 40. Qxa8 Rxa8 41. Rxa8 e3 42. fxe3 fxe3 43. Kf1 g4 44. Ke2 1-0


[Site "https://www.chess.com"]

[Event "Titled Tuesday Blitz June 27 Late 2023"]
[White "Schain, Randolph"]
[Black "JERO-8914"]
[WhiteFideId "2003139"]
[WhiteElo "2081"]
[BlackElo "2435"]
[Result "0-1"]
[Round "2"]
[TimeControl "180+2"]
[Date "2023.06.27"]
[WhiteClock "0:00:00"]
[BlackClock "0:00:05"]
[Board "186"]

1. e4 c6 2. d3 d5 3. Nd2 e5 4. g3 Nf6 5. Bg2 Bc5 6. Ngf3 Nbd7 7. O-O O-O 8. c3 Bb6 9. Re1 dxe4 10. Nxe4 Nxe4 11. dxe4 Qe7 12. Be3 Nc5 13. Qc2 f6 14. Rad1 Be6 15. b4 Nd7 16. a4 Bxe3 17. Rxe3 a5 18. Red3 Nb6 19. b5 cxb5 20. axb5 a4 21. Nd2 Rfc8 22. Bf1 Rc5 23. Qb2 a3 24. Qb4 Ra4 25. Qb1 a2 26. Qa1 Qc7 27. c4 Nxc4 28. Nxc4 Raxc4 29. Rd8+ Kf7 30. Bxc4 Rxc4 31. Qxa2 Rd4 32. R1xd4 exd4 33. Qa8 Qc1+ 34. Kg2 Qc4 35. Rf8+ Kg6 36. Qxb7 d3 37. Rd8 Kh6 38. Qe7 f5 39. exf5 Bxf5 40. Qe3+ Kg6 41. Rd6+ Kf7 42. b6 Be4+ 43. Kh3 Bf5+ 44. Kg2 Be4+ 45. f3 Qc2+ 46. Kh3 Bf5+ 47. g4 Bc8 48. Qf4+ Ke8 49. Qe5+ Kf7 50. Qf4+ Ke8 51. Qe4+ Kf8 52. Qxd3 Kf7 53. Qxc2 Bxg4+ 54. Kxg4 h5+ 55. Kxh5 Ke7 0-1


[Site "https://www.chess.com"]

[Event "Titled Tuesday Blitz June 27 Late 2023"]
[White "Bongo Akanga Ndjila, Barthelemy"]
[Black "liwadas82"]
[WhiteFideId "10609431"]
[WhiteElo "2080"]
[BlackElo "2435"]
[Result "0-1"]
[Round "2"]
[TimeControl "180+2"]
[Date "2023.06.27"]
[WhiteClock "0:00:11"]
[BlackClock "0:01:26"]
[Board "187"]

1. d4 Nf6 2. c4 e6 3. Nf3 Bb4+ 4. Bd2 Qe7 5. g3 Nc6 6. Bg2 Bxd2+ 7. Qxd2 Ne4 8. Qc2 Qb4+ 9. Nbd2 Nxd2 10. Qxd2 Qxc4 11. O-O O-O 12. e3 d5 13. Rfc1 Qa4 14. b3 Qa3 15. Ne5 Nxe5 16. dxe5 Qe7 17. e4 c6 18. exd5 exd5 19. f4 Bf5 20. b4 Rfd8 21. a4 d4 22. Rc5 d3 23. Rac1 Qd7 24. b5 cxb5 25. Rxb5 Qd4+ 26. Kh1 Be4 27. Rb4 Bxg2+ 28. Kxg2 Qd5+ 29. Kf2 Rac8 30. Rxc8 Rxc8 31. Rb2 Qd4+ 32. Kg2 Qxb2 33. Qxb2 Rc2+ 0-1


[Site "https://www.chess.com"]

[Event "Titled Tuesday Blitz June 27 Late 2023"]
[White "Gasparyan, David"]
[Black "Allam, Yara"]
[WhiteFideId "13311980"]
[BlackFideId "10615709"]
[WhiteElo "2432"]
[BlackElo "2069"]
[Result "1-0"]
[Round "2"]
[TimeControl "180+2"]
[Date "2023.06.27"]
[WhiteClock "0:00:10"]
[BlackClock "0:00:05"]
[Board "188"]

1. d4 d5 2. c4 c6 3. Nf3 Nf6 4. g3 e6 5. Bg2 Be7 6. O-O O-O 7. Nc3 Nbd7 8. Qc2 Nb6 9. c5 Nbd7 10. Bf4 Re8 11. b4 Bf8 12. a4 Nh5 13. e3 h6 14. h4 Nxf4 15. exf4 Nf6 16. Ne5 Bd7 17. Rfe1 Qc7 18. b5 a6 19. bxc6 Bxc6 20. Reb1 Reb8 21. a5 Nd7 22. Nxc6 bxc6 23. Bf1 Be7 24. Rxb8+ Qxb8 25. Rb1 Qc7 26. Qa4 Bf6 27. Ne2 Rb8 28. Rxb8+ Nxb8 29. Nc1 Bd8 30. Nb3 g6 31. Bd3 h5 32. Qb4 Kg7 33. Qb6 Kg8 34. Kf1 Qc8 35. Qa7 Bc7 36. Ke2 Kg7 37. Kd2 Kg8 38. Kc3 Kg7 39. Kb4 Kg8 40. Ka4 Kg7 41. Na1 Kg8 42. Nc2 Qd8 43. Bxa6 Bxa5 44. Bb7 Bc3 45. Nb4 Qc7 46. Qb6 Qxb6 47. cxb6 Bxd4 48. Ka5 Bxf2 49. Bxc6 Bxg3 50. b7 Bxf4 51. Kb6 e5 52. Na6 e4 53. Bxd5 e3 54. Bf3 Be5 55. Nc5 f6 56. Ne6 Kf7 57. Nd8+ Ke7 58. Nc6+ Kd6 59. Nxb8 Ke7 60. Nc6+ Kd7 61. Nxe5+ fxe5 62. b8=Q 1-0


[Site "https://www.chess.com"]

[Event "Titled Tuesday Blitz June 27 Late 2023"]
[White "zsizsi99"]
[Black "Ng, Matthew K"]
[BlackFideId "2094371"]
[WhiteElo "2428"]
[BlackElo "2067"]
[Result "1-0"]
[Round "2"]
[TimeControl "180+2"]
[Date "2023.06.27"]
[WhiteClock "0:01:49"]
[BlackClock "0:00:00"]
[Board "189"]

1. e4 c5 2. b3 Nc6 3. Bb2 d6 4. Bb5 e5 5. f4 Ne7 6. fxe5 dxe5 7. Bxe5 a6 8. Bxc6+ Nxc6 9. Bb2 Qg5 10. Qe2 Nd4 11. Bxd4 cxd4 12. Nf3 Qc5 13. Qc4 Qxc4 14. bxc4 Bc5 15. d3 Bg4 16. h3 Bxf3 17. gxf3 Ke7 18. Ke2 Bb4 19. a3 Ba5 20. Nd2 Rab8 21. Rab1 Bc3 22. Nb3 Rhc8 23. Rhg1 g6 24. Rg5 Kf6 25. Rd5 b5 26. cxb5 axb5 27. Nc5 b4 28. Nd7+ Ke6 29. Nxb8 Rxb8 30. axb4 Rxb4 31. Rxb4 Bxb4 32. Rxd4 Be7 33. Ra4 f5 34. d4 1-0


[Site "https://www.chess.com"]

[Event "Titled Tuesday Blitz June 27 Late 2023"]
[White "KorolDimitriy75"]
[Black "Aqib Javaid Butt"]
[BlackFideId "7801262"]
[WhiteElo "2425"]
[BlackElo "2019"]
[Result "0-1"]
[Round "2"]
[TimeControl "180+2"]
[Date "2023.06.27"]
[WhiteClock "0:00:00"]
[BlackClock "0:01:03"]
[Board "190"]

1. d4 d5 2. c4 c6 3. Nc3 Nf6 4. e3 Bf5 5. Nf3 e6 6. Bd3 Bxd3 7. Qxd3 Bd6 8. O-O O-O 9. e4 dxe4 10. Nxe4 Nxe4 11. Qxe4 Nd7 12. Bg5 Qc7 13. Rad1 Rae8 14. c5 Be7 15. Bf4 Qd8 16. a3 Nf6 17. Qe2 Nd5 18. Bg3 b6 19. b4 a5 20. Qd2 axb4 21. axb4 Qa8 22. Ne5 Qb7 23. h3 Bf6 24. Nc4 Ra8 25. Nd6 Qa6 26. b5 cxb5 27. c6 Be7 28. Ra1 Qxa1 29. Rxa1 Rxa1+ 30. Kh2 Bxd6 31. Bxd6 Rc8 32. Qb2 Ra5 33. c7 Nxc7 34. Qc3 Raa8 35. Bxc7 Ra7 36. Qc6 Raxc7 37. Qxb6 Rd7 38. Qxb5 Rxd4 39. Qb7 Rdd8 40. Kg3 g6 41. h4 Rd3+ 42. f3 Rc2 43. Qb8+ Kg7 44. Qe5+ Kg8 45. Qb8+ Kg7 46. Qe5+ Kf8 47. Qb8+ Ke7 0-1


[Site "https://www.chess.com"]

[Event "Titled Tuesday Blitz June 27 Late 2023"]
[White "Alberto, Manuel"]
[Black "Rangel, Daniel"]
[WhiteFideId "10100148"]
[BlackFideId "2124475"]
[WhiteElo "2007"]
[BlackElo "2424"]
[Result "0-1"]
[Round "2"]
[TimeControl "180+2"]
[Date "2023.06.27"]
[WhiteClock "0:00:00"]
[BlackClock "0:00:31"]
[Board "191"]

1. e4 c5 2. Nf3 g6 3. d4 cxd4 4. Qxd4 Nf6 5. e5 Nc6 6. Qa4 Nd5 7. Bd3 Ndb4 8. Be4 Na6 9. Be3 Bg7 10. Bxc6 dxc6 11. Nc3 O-O 12. O-O Qc7 13. Qf4 h6 14. h4 Bf5 15. Rac1 h5 16. Rfe1 Bg4 17. Bd4 Rad8 18. Ne2 c5 19. Bc3 Nb4 20. Bxb4 cxb4 21. Ned4 Qc4 22. b3 Qc5 23. Qe3 Rd5 24. c4 bxc3 25. Rxc3 Qb6 26. Rc4 Rfd8 27. a4 a5 28. Qe4 e6 29. Re3 Bh6 30. Rec3 Bf5 31. Nxf5 exf5 32. Qe2 Kg7 0-1


[Site "https://www.chess.com"]